 Dungeon Crawl Stone Soup version 0.19.5 (webtiles) character file.

3105 Kosschaser the Cleaver (level 9, -2/123 HPs)
             Began as a Hill Orc Berserker on May 26, 2017.
             Was a High Priest of Trog.
             Slain by an ogre
             ... wielding a +0 giant club
              (14 damage)
             ... on level 7 of the Dungeon.
             The game lasted 00:25:06 (9188 turns).

Kosschaser the Cleaver (Hill Orc Berserker)         Turns: 9188, Time: 00:25:07

Health: -2/123     AC:  7    Str: 33    XL:     9   Next: 90%
Magic:  9/9        EV: 14    Int:  7    God:    Trog [*****.]
Gold:   510        SH:  0    Dex: 10    Spells: 0 memorised, 8 levels left

rFire  . . .     SeeInvis .     a - +0 hand axe
rCold  . . .     Gourm    +     t - +2 robe {MR+}
rNeg   . . .     Faith    .     (no shield)
rPois  +         Spirit   .     (no helmet)
rElec  .         Reflect  .     (no cloak)
rCorr  .         Harm     .     j - +2 pair of gloves
MR     +....                    (no boots)
Stlth  ..........               C - amulet of the gourmand
                                u - ring of poison resistance
                                A - +5 ring of strength

@: berserking, very quick
A: no striking features
a: Berserk, Trog's Hand, Brothers in Arms, Burn Spellbooks, Renounce Religion


You were on level 7 of the Dungeon.
You worshipped Trog.
Trog was extremely pleased with you.
You were near starving.

You visited 1 branch of the dungeon, and saw 7 of its levels.

You collected 510 gold pieces.

Inventory:

Hand Weapons
 a - a +0 hand axe (weapon)
Armour
 h - the +1 ring mail of the Endless Expanse {rElec}
   (You found it on level 5 of the Dungeon)

   It insulates you from electricity.
 j - a +2 pair of gloves (worn)
 t - a +2 robe of magic resistance (worn)
Jewellery
 u - a ring of poison resistance (right hand)
 A - a +5 ring of strength (left hand)
 C - an amulet of the gourmand (around neck)
Wands
 r - a wand of iceblast (12/15)
Scrolls
 d - a scroll of remove curse
 e - 2 scrolls of fear
 m - 3 scrolls of enchant weapon
 v - 3 scrolls of teleportation
 w - a scroll of fog {unknown}
 x - a scroll of noise {unknown}
 y - a scroll of magic mapping
 B - a scroll of amnesia {unknown}
Potions
 b - a potion of might
 g - 2 potions of flight
 i - a potion of cancellation {unknown}
 k - 2 potions of invisibility {unknown}
 n - 2 potions of lignification {unknown}
 o - a potion of degeneration {unknown}
 p - 2 potions of heal wounds
 q - 4 potions of curing
 z - a potion of brilliance {unknown}
Comestibles
 c - 7 bread rations
 f - 4 meat rations
 l - 3 slices of pizza
 s - 2 beef jerkies


   Skills:
 + Level 8.5 Fighting
 + Level 12.7 Axes
 + Level 2.3 Armour
 + Level 5.4 Dodging
 - Level 2.2 Stealth


You had 8 spell levels left.
You didn't know any spells.

Dungeon Overview and Level Annotations

Branches:
Dungeon (7/15)             Temple (0/1) D:6

Altars:
Dithmenos
Fedhas
Gozag
Nemelex Xobeh
Ru
Sif Muna
Uskayaw


Message History

The ogre hits you with a giant club!!
You hit the ogre but do no damage.
The ogre is moderately wounded.
You hit the worker ant. The worker ant barely misses you.
You hit the ogre.
The ogre is heavily wounded.
You hit the worker ant but do no damage.
The ogre hits you with a giant club!!
* * * LOW HITPOINT WARNING * * *
The worker ant closely misses you.
You hit the ogre.
The ogre is heavily wounded.
You hit the worker ant but do no damage.
A red film seems to cover your vision as you go berserk!
You feel yourself moving faster!
You feel mighty!
You are near starving!
The worker ant bites you.
* * * LOW HITPOINT WARNING * * *
The ogre hits you with a giant club!
You die...

##.....>.....
#.........$..
#............ #######
#.........:.. ......#
#............ #####.#
#.>.......... ##.#
#...O..!.... ####..#
#..@a...... .....##
###.#.##### .##### #.#
# ## #.# ## . #.# .##
.. ##.# # ..#####...
#..#.#### #..#....#.
#..<....#
.....##...#####.##.#..#


You could see an ogre and a worker ant.

Vanquished Creatures
  Edmund (D:5)
  The ghost of Sanvar the Charmwright, an amateur HuSk (D:3)
  Duvessa (D:5)
  2 ice beasts
  A phantom (D:4)
  The ghost of dasmau89 the Skirmisher, an amateur MfBe of Trog (D:4)
  2 centaurs (D:6)
  7 ogres
  2 bullfrogs (D:6)
  Dowan (D:5)
  8 killer bees (D:7)
  A howler monkey (D:6)
  A bullfrog zombie (D:6)
  A centaur zombie (D:6)
  5 hounds
  2 orc priests
  8 orc wizards
  2 centaur skeletons
  An iguana (D:6)
  6 worker ants
  A worker ant zombie (D:6)
  19 adders
  4 gnolls (D:4)
  A shadow imp (D:7)
  2 adder zombies (D:6)
  2 worms (D:2)
  4 dart slugs
  8 leopard geckos
  25 orcs
  A ball python (D:7)
  10 giant cockroaches
  4 goblins
  5 hobgoblins
  14 jackals
  13 kobolds
  3 quokkas
  11 bats
  8 frilled lizards
  2 jackal skeletons
  A leopard gecko skeleton (D:4)
  10 rats
202 creatures vanquished.

Vanquished Creatures (others)
  4 jackals (D:6)
4 creatures vanquished.

Grand Total: 206 creatures vanquished

Notes
Turn   | Place    | Note
-------+----------+-------------------------------------------
     0 | D:1      | Kosschaser the Hill Orc Berserker began the quest for the Orb.
     0 | D:1      | Reached XP level 1. HP: 19/19 MP: 1/1
   282 | D:1      | Reached XP level 2. HP: 27/27 MP: 2/2
   595 | D:1      | Reached XP level 3. HP: 18/33 MP: 3/3
  1271 | D:2      | Reached ** piety under Trog
  1372 | D:2      | Reached skill level 5 in Axes
  1521 | D:2      | Reached XP level 4. HP: 41/41 MP: 4/4
  1872 | D:2      | HP: 2/41 [poisoned by an adder]
  1877 | D:2      | HP: 1/41 [poisoned by an adder]
  2585 | D:2      | Reached XP level 5. HP: 38/47 MP: 5/5
  2965 | D:2      | Reached skill level 6 in Axes
  3263 | D:3      | Reached skill level 1 in Stealth
  3267 | D:3      | Noticed Sanvar's ghost (amateur HuSk)
  3281 | D:3      | Killed Sanvar's ghost
  3281 | D:3      | Reached skill level 5 in Fighting
  3281 | D:3      | Reached XP level 6. HP: 47/56 MP: 6/6
  3346 | D:3      | Reached skill level 7 in Axes
  3774 | D:3      | Reached XP level 7. HP: 39/61 MP: 7/7
  3781 | D:3      | Found a faded altar of an unknown god.
  3881 | D:3      | Found an opulent altar of Gozag.
  3884 | D:3      | Found a deep blue altar of Sif Muna.
  3931 | D:3      | Reached *** piety under Trog
  4409 | D:4      | Noticed dasmau89's ghost (amateur MfBe)
  4479 | D:4      | Reached skill level 8 in Axes
  4685 | D:4      | Reached XP level 8. HP: 31/70 MP: 8/8
  4820 | D:4      | Reached skill level 9 in Axes
  5129 | D:4      | Killed dasmau89's ghost
  5887 | D:4      | Found a sparkling altar of Nemelex Xobeh.
  6035 | D:4      | Reached **** piety under Trog
  6048 | D:5      | Entered Level 5 of the Dungeon
  6217 | D:5      | Noticed Duvessa
  6217 | D:5      | Noticed Dowan
  6228 | D:5      | Reached skill level 10 in Axes
  6233 | D:5      | Killed Dowan
  6238 | D:5      | Killed Duvessa
  6407 | D:5      | Noticed Edmund
  6428 | D:5      | Killed Edmund
  6428 | D:5      | Reached XP level 9. HP: 41/79 MP: 9/9
  6675 | D:5      | Reached skill level 11 in Axes
  6776 | D:5      | Found a blossoming altar of Fedhas.
  6787 | D:5      | Got a slimy ring mail
  6798 | D:5      | Identified the +1 ring mail of the Endless Expanse {rElec} (You found it on level 5 of the Dungeon)
  6826 | D:5      | Found a sacrificial altar of Ru.
  7199 | D:5      | Found a shadowy altar of Dithmenos.
  7325 | D:6      | Found a hide-covered altar of Uskayaw.
  8336 | D:6      | Reached skill level 12 in Axes
  8336 | D:6      | Reached skill level 5 in Dodging
  8348 | D:6      | Found a staircase to the Ecumenical Temple.
  8739 | D:7      | Reached ***** piety under Trog
  9188 | D:7      | Slain by an ogre

Skill      XL: |  1  2  3  4  5  6  7  8  9 |
---------------+----------------------------+-----
Fighting       | 4 5 6 7 8 |  8.5
Axes           | 5 6 7 8 10 12 | 12.7
Dodging        | 2 3 4 5 |  5.4
Stealth        | 1 2 |  2.2
Armour         | |  2.3

Action                   |  1- 3 |  4- 6 |  7- 9 || total
-------------------------+-------+-------+-------++-------
Melee: Hand axe          |   117 |   190 |   567 ||   874
Invok: Trog's Hand       |       |     2 |     3 ||     5
       Berserk           |       |     3 |     8 ||    11
  Use: Scroll            |       |     2 |    10 ||    12
 Stab: Sleeping          |       |     4 |     1 ||     5
       Distracted        |       |     1 |       ||     1
  Eat: Chunk             |     1 |    12 |    24 ||    37
Armor: Animal skin       |    34 |    47 |    28 ||   109
       Robe              |       |       |    95 ||    95
Dodge: Dodged            |    84 |   100 |   348 ||   532
